 Dungeon Crawl Stone Soup version 0.31-a0-844-gdc52ec4e09 (webtiles) character file.

Game seed: 4169078179753707492

907 JackS81 the Cleaver (level 8, -26/68 HPs)
             Began as a Hill Orc Gladiator on Sept 29, 2023.
             Annihilated by an ogre
             ... wielding a +0 giant club
              (32 damage)
             ... on level 4 of the Dungeon.
             The game lasted 00:11:27 (3925 turns).

JackS81 the Cleaver (Hill Orc Gladiator)            Turns: 3925, Time: 00:11:28

Health: -26/68     AC:  6    Str: 19    XL:     8   Next: 8%
Magic:  8/8        EV: 12    Int:  8    God:
Gold:   113        SH:  0    Dex: 12    Spells: 7/7 levels left

rFire   . . .        a - +0 war axe
rCold   . . .        (no shield)
rNeg    . . .        b - +0 leather armour
rPois   .            c - +0 helmet
rElec   .            q - +1 cloak
rCorr   .            (no gloves)
SInv    .            (no boots)
Will    .....        (no amulet)
Stlth   +            (no ring)
HPRegen 0.31/turn    (no ring)
MPRegen 0.11/turn

%: no passive effects
@: no status effects
A: no striking features
a: no special abilities


You were on level 4 of the Dungeon.
You visited 1 branch of the dungeon, and saw 4 of its levels.
You also visited: Sewer.

You collected 113 gold pieces.

Inventory:

Hand Weapons
 a - a +0 war axe (weapon)
 p - a +2 quarterstaff of chaos
Missiles
 d - a throwing net (quivered)
 e - a javelin
Armour
 b - a +0 leather armour (worn)
 c - a +0 helmet (worn)
 q - a +1 cloak (worn)
Jewellery
 g - a ring of see invisible
 o - a ring of protection from cold
Talismans
 l - a talisman of death
Scrolls
 f - 4 scrolls of summoning
 h - a scroll of teleportation
 j - 2 scrolls of noise
 m - 2 scrolls of blinking
 s - a scroll of vulnerability {unknown}
 w - a scroll of enchant weapon {unknown}
 y - a scroll of identify
 z - a scroll of acquirement {unknown}
 B - a scroll of torment {unknown}
Potions
 i - a potion of degeneration {unknown}
 k - a potion of cancellation {unknown}
 n - a potion of attraction {unknown}
 r - a potion of invisibility
 t - 2 potions of curing {unknown}
 u - 2 potions of enlightenment {unknown}
 v - a potion of berserk rage {unknown}
 x - a potion of heal wounds
 A - a potion of brilliance {unknown}


   Skills:
 * Level 5.0 Fighting
 * Level 9.6 Axes
 - Level 1.7 Throwing
 * Level 3.9 Armour
 + Level 3.2 Dodging


You had 7 spell levels left.
You didn't know any spells.
Your spell library contained the following spells:

 Spells                   Type           Power      Damage    Failure   Level
 Kiss of Death            Conj/Necr      0%         2d5       45%         1
 Slow                     Hex            0%         N/A       45%         1
 Ensorcelled Hibernation  Hex/Ice        0%         N/A       58%         2
 Jinxbite                 Hex            0%         N/A       58%         2
 Confusing Touch          Hex            0%         N/A       83%         3
 Sigil of Binding         Hex            0%         N/A       83%         3
 Vampiric Draining        Necr           0%         2d6       83%         3
 Anguish                  Hex/Necr       0%         N/A       99%         4
 Dispel Undead            Necr           0%         3d6       99%         4


Dungeon Overview and Level Annotations

Branches:
Dungeon (4/15)              Sewer (visited)
 Temple: D:4-7

Altars:
Ashenzari
Qazlal


Message History

The black bear is severely wounded.
The black bear barely misses you.
The black bear claws you but does no damage.
The black bear claws you.
You slash the black bear!
You kill the black bear!
Your Fighting skill increases to level 5!
You have reached level 8!
You slash the ogre!
The ogre is heavily wounded.
The ogre closely misses you.
You hit the ogre.
The ogre is severely wounded.
You barely miss the ogre.
The ogre is severely wounded.
The ogre closely misses you.
You hit the ogre.
The ogre is severely wounded.
The ogre closely misses you.
You hit the ogre.
The ogre is almost dead.
You hit the ogre but do no damage. You punch the ogre.
The ogre is almost dead.
The ogre hits you with a +0 giant club!
You hit the ogre.
The ogre is almost dead.
The ogre misses you.
You hit the ogre but do no damage.
The ogre is almost dead.
The ogre hits you with a +0 giant club!
You barely miss the ogre.
The ogre is almost dead.
You hit the ogre but do no damage.
The ogre is almost dead.
The ogre hits you with a +0 giant club!!
* * * LOW HITPOINT WARNING * * *
You hit the ogre.
The ogre is almost dead.
The ogre hits you with a +0 giant club!!
You die...

#.##.#...####..#
#.
#....#...#.....#
#.
#....#...#..#..#
#.
#......'##.....##
#.
#.##...†........#
##
#.####..#.......#
#
#.........##....#
#
#.####O#####......
. #@# ..#### #
#.......$#
########.#


You could see an ogre.

Vanquished Creatures
  Sigmund (D:2)
  A black bear (D:4)
  A phantom (D:4)
  2 bullfrogs (Sewer)
  A scorpion (D:4)
  A hound (D:4)
  Crazy Yiuf (D:2)
  Jessica (D:2)
  Terence (D:2)
  3 gnolls (D:3)
  2 river rats (D:3)
  11 adders
  5 worms
  3 dart slugs
  3 orcs
  13 endoplasms
  9 giant cockroaches
  11 goblins
  8 hobgoblins
  6 jackals
  6 quokkas (Sewer)
  20 ball pythons
  3 bats
  11 frilled lizards
  A kobold (D:1)
  10 rats
135 creatures vanquished.

Notes
Turn   | Place    | Note
-------+----------+-------------------------------------------
     0 | D:1      | JackS81 the Hill Orc Gladiator began the quest for the Orb.
     0 | D:1      | Reached XP level 1. HP: 18/18 MP: 1/1
   104 | D:1      | Reached XP level 2. HP: 24/25 MP: 2/2
   512 | D:1      | Found a faded altar of an unknown god.
   702 | D:2      | Reached XP level 3. HP: 30/30 MP: 3/3
   731 | D:2      | Reached skill level 1 in Armour
   741 | D:2      | Reached skill level 5 in Axes
  1020 | D:2      | Noticed Terence
  1033 | D:2      | Killed Terence
  1034 | D:2      | Reached XP level 4. HP: 34/38 MP: 4/4
  1057 | D:2      | Noticed Sigmund
  1088 | D:2      | Killed Sigmund
  1089 | D:2      | Reached skill level 6 in Axes
  1089 | D:2      | Reached XP level 5. HP: 22/45 MP: 5/5
  1089 | D:2      | Reached XP level 6. HP: 25/51 MP: 6/6
  1277 | D:2      | Noticed Jessica
  1287 | D:2      | Killed Jessica
  1288 | D:2      | Reached skill level 7 in Axes
  1349 | D:2      | Found a runed translucent door.
  1350 | D:2      | Noticed Crazy Yiuf
  1358 | D:2      | Killed Crazy Yiuf
  2205 | D:3      | Found a glowing drain.
  2220 | Sewer    | Entered a sewer
  2567 | Sewer    | Reached XP level 7. HP: 57/58 MP: 7/7
  2611 | Sewer    | Reached skill level 8 in Axes
  3180 | D:3      | Found a stormy altar of Qazlal.
  3607 | D:4      | Reached skill level 9 in Axes
  3895 | D:4      | Found a broken altar of Ashenzari.
  3915 | D:4      | Reached skill level 5 in Fighting
  3915 | D:4      | Reached XP level 8. HP: 44/68 MP: 8/8
  3925 | D:4      | Annihilated by an ogre

Illustrated notes

Levels and vault maps discovered:
D:1:      dpeg_arrival_pits, layout_loops_ring,
          chequers_ecumenical_altar_simple_redux, dk_noncrumbling_3
D:2:      layout_basic, minmay_crystal_room, uniq_sigmund, uniq_jessica,
          uniq_terence, uniq_crazy_yiuf_cottage
D:3:      layout_loops_ring, mainiacjoe_overflow_boulevard,
          lightli_sewer_entry_pipes, hangedman_decor_slide_cut
D:4:      layout_loops_corners, evilmike_ruin_ashenzari,
          nicolae_tso_swordbearing_angel, kennysheep_little_box, serial_bayou,
          serial_bayou_shore_b, serial_bayou_shore_a, serial_bayou_pond_e,
          serial_bayou_pond_d

Skill      XL: |  1  2  3  4  5  6  7 |
---------------+----------------------+-----
Armour         | 1 2 3 |  3.9
Axes           | 5 6 7 9 |  9.6
Fighting       | 3 5 |  5.0
Dodging        | 3 |  3.2
Throwing       | |  1.7

Action                     |  1- 3 |  4- 6 |  7- 9 || total
---------------------------+-------+-------+-------++-------
  Melee: War axe           |    75 |   240 |   153 ||   468
         Punch             |     1 |       |     3 ||     4
  Throw: Throwing net      |     1 |     1 |       ||     2
    Use: Potion            |       |     1 |       ||     1
         Scroll            |       |       |     4 ||     4
   Stab: Sleeping          |     1 |       |     1 ||     2
 Armour: Leather armour    |    41 |   126 |   103 ||   270
  Dodge: Dodged            |    45 |   121 |    88 ||   254

Table legend: (Time is in decaauts)
 A = Elapsed time spent in this place.
 B = Non-inter-level travel time spent in this place.
 C = Inter-level travel time spent in this place.
 D = Time resting spent in this place.
 E = Time spent auto-exploring this place.
 F = Levels seen in this place.
 G = Mean time per level.
                   A        B        C        D        E       F      G
               +--------+--------+--------+--------+--------+-----+--------+
         Total |   4093 |   4008 |     85 |    268 |   2458 |   5 |  818.6 |
       Dungeon |   3510 |   3425 |     85 |    121 |   2435 |   4 |  877.5 |
         Sewer |    583 |    583 |      0 |    147 |     22 |   1 |  583.0 |
               +--------+--------+--------+--------+--------+-----+--------+

Top non-repeatable levels by time:
     D:2: 1237 daAuts
     D:3: 1186 daAuts
     D:1: 666 daAuts
   Sewer: 583 daAuts
     D:4: 419 daAuts
